 Dungeon Crawl Stone Soup version 0.31-a0-981-geadf994542 (webtiles) character file.

Game seed: 12300789457762571269

17 lunkers the Ruffian (level 3, 0/42 HPs)
             Began as a Meteoran Shapeshifter on Nov 1, 2023.
             Slain by Eustachio
             ... wielding a +0 falchion
              (7 damage)
             ... on level 4 of the Dungeon.
             The game lasted 00:00:54 (614 turns).

lunkers the Ruffian (Meteoran Shapeshifter)          Turns: 614, Time: 00:00:55

Health: 0/42       AC: 21    Str: 16      XL:     3   Next: 2%
Magic:  4/4        EV:  2    Int: 11      God:
Gold:   47         SH:  0    Dex: 14 (15) Spells: 2/2 levels left

rFire   . .          .
                       - Unarmed
rCold   . . .        (no shield)
rNeg    . . .        k - melded +0 ring mail
rPois   +            (helmet currently unavailable)
rElec   .            (cloak currently unavailable)
rCorr   .            (gloves currently unavailable)
SInv    .            (boots currently unavailable)
Will    .....        (no amulet)
Stlth   +            (no ring)
HPRegen 0.27/turn    (no ring)
MPRegen 0.09/turn

%: no passive effects
@: tree-form, glowing
A: stationary, stasis, torment immunity, boosted hp, sense surroundings 1,
otherworldly, glowing, explore regen
a: no special abilities


You were on level 4 of the Dungeon.
You were a tree.
You visited 1 branch of the dungeon, and saw 3 of its levels.

You collected 47 gold pieces.

Inventory:

Armour
 a - a +0 animal skin
 k - a +0 ring mail (melded)
Talismans
 c - a beast talisman
 d - a flux talisman
Scrolls
 e - 2 scrolls of revelation {unknown}
 g - 2 scrolls of enchant weapon {unknown}
 i - a scroll of noise {unknown}
 j - 2 scrolls of teleportation {unknown}
Potions
 f - 2 potions of might {unknown}
 h - 2 potions of curing {unknown}


   Skills:
 - Level 1.1 Fighting
 - Level 2.1 Dodging
 * Level 4.4 Unarmed Combat
 + Level 3.9 Shapeshifting


You had 2 spell levels left.
You didn't know any spells.
Your spell library contained the following spells:

 Spells                   Type           Power      Damage    Failure   Level
 Freeze                   Ice            0%         1d3       34%         1
 Slow                     Hex            0%         N/A       34%         1
 Confusing Touch          Hex            0%         N/A       71%         3
 Frozen Ramparts          Ice            0%         1d1       71%         3
 Hailstorm                Conj/Ice       0%         3d3       71%         3
 Sigil of Binding         Hex            0%         N/A       71%         3
 Vampiric Draining        Necr           0%         2d6       71%         3


Dungeon Overview and Level Annotations

Branches:
Dungeon (2/15) Zot: 1177

Altars:

Shops:
D:4 ?

Annotations:
D:4 Eustachio


Innate Abilities, Weirdness & Mutations

You are a tree.
Your roots penetrate the ground, keeping you stationary.
You cannot be teleported.
You are immune to unholy pain and torment.
Your maximum health is greatly increased.
Your equipment is partially melded.
You passively map a small area around you.
You are easily found by Zot.
You glow in the dark.
You regain HP and MP as you explore.


Message History

The iron imp hits you.
* * * LOW HITPOINT WARNING * * *
You closely miss Eustachio.
Eustachio is moderately wounded.
Eustachio gestures wildly while chanting.
The iron imp hits you but does no damage.
The crimson imp hits you but does no damage.
Unknown command.
You hit Eustachio.
Eustachio is moderately wounded.
The bat disappears in a puff of smoke!
Eustachio hits you with a +0 falchion.
* * * LOW HITPOINT WARNING * * *
The crimson imp blinks!
The iron imp hits you!
* * * LOW HITPOINT WARNING * * *
You hit Eustachio but do no damage.
Eustachio is moderately wounded.
The iron imp disappears in a puff of smoke!
Eustachio hits you but does no damage.
The quokka bites you but does no damage.
Unknown command.
You closely miss Eustachio.
Eustachio is moderately wounded.
The quokka bites you but does no damage.
Eustachio hits you but does no damage.
The quokka bites you but does no damage.
Unknown command.
You hit Eustachio.
Eustachio is heavily wounded.
The crimson imp disappears in a puff of smoke!
The quokka bites you.
* * * LOW HITPOINT WARNING * * *
The quokka bites you but does no damage.
Eustachio hits you but does no damage.
You closely miss Eustachio.
Eustachio is heavily wounded.
The quokka completely misses you.
The quokka bites you but does no damage.
Eustachio hits you with a +0 falchion!
You die...
Eustachio says, "Such is the fate of all honourless rascals."

....... ...### #.... ,
.......###...## #....
........##....# ##.... *
. .......#.<#.#####.....
.. #..#........#..#.....
#..##.[.............#...
.<....b....>..#######.#
#.rr@.......## #... *
#..♣#........# ##.. .
#§###...##...######. * *
∩, ,∩.♣#.#
#...#.....#.###. ,
....5@##............##.
~
≈≈≈≈≈≈≈≈5..............
≈≈≈≈≈≈≈≈.#.............
.........#.............
, .♣##.#.....##........#
, ,
,,*#..#..............##


You could see Eustachio, 2 quokkas and a bat (summoned).

Vanquished Creatures
  A dart slug (D:1)
  An orc (D:4)
  2 endoplasms
  A giant cockroach (D:1)
  A hobgoblin (D:1)
  A quokka (D:1)
  A ball python (D:1)
  4 frilled lizards
  3 rats (D:1)
15 creatures vanquished.

Notes
Turn   | Place    | Note
-------+----------+-------------------------------------------
     0 | D:1      | lunkers the Meteoran Shapeshifter began the quest for the
                  | Orb.
     0 | D:1      | Reached XP level 1. HP: 16/16 MP: 2/2
   157 | D:1      | Reached skill level 4 in Unarmed Combat
   157 | D:1      | Reached XP level 2. HP: 22/23 MP: 3/3
   490 | D:1      | Glimpsed the power of Zot.
   509 | D:2      | You fall into a shaft and drop 2 floors!
   566 | D:4      | Reached XP level 3. HP: 28/28 MP: 4/4
   585 | D:4      | Found Cixen's Magic Scroll Shop.
   585 | D:4      | Noticed Eustachio
   614 | D:4      | Slain by Eustachio

Illustrated notes

Levels and vault maps discovered:
D:1:      dpeg_arrival_shelter, layout_basic, serial_bayou_lagoon_b
D:2:      cheibrodos_pilgrimage, layout_loops_ring
D:4:      layout_cave_pools, kennysheep_diamond, nicolae_wooded_promenade,
          nicolae_zig_zag_zippers, uniq_eustachio

Skill      XL: |  1 |
---------------+----+-----
Unarmed Combat | 4 |  4.4
Fighting       | |  1.1
Dodging        | |  2.1
Shapeshifting  | |  3.9

Action                     || total
---------------------------++-------
  Melee: Unarmed           ||    64
    Use: Potion            ||     1
 Armour: Animal skin       ||    13
         Skin              ||    19
         Ring mail         ||    10
  Dodge: Dodged            ||    32

Table legend: (Time is in decaauts)
 A = Elapsed time spent in this place.
 B = Non-inter-level travel time spent in this place.
 C = Inter-level travel time spent in this place.
 D = Time resting spent in this place.
 E = Time spent auto-exploring this place.
 F = Levels seen in this place.
 G = Mean time per level.
                   A        B        C        D        E       F      G
               +--------+--------+--------+--------+--------+-----+--------+
         Total |    621 |    621 |      0 |      0 |    459 |   3 |  207.0 |
       Dungeon |    621 |    621 |      0 |      0 |    459 |   3 |  207.0 |
               +--------+--------+--------+--------+--------+-----+--------+

Top non-repeatable levels by time:
     D:1: 502 daAuts
     D:4: 103 daAuts
     D:2: 16 daAuts
